 Dungeon Crawl Stone Soup version 0.24.0-1-gfbc8707122 (webtiles) character file.

Game seed: 11167074591140715390, levelgen mode: deterministic

49 Curus the Cudgeler (level 3, -5/31 HPs)
             Began as a Minotaur Abyssal Knight on Oct 27, 2019.
             Was a Believer of Lugonu.
             Slain by a gnoll
             ... wielding a +0 halberd
              (17 damage)
             ... on level 3 of the Dungeon.
             The game lasted 00:06:09 (1115 turns).

Curus the Cudgeler (Minotaur Abyssal Knight)        Turns: 1115, Time: 00:06:09

Health: -5/31      AC:  4    Str: 16    XL:     3   Next: 53%
Magic:  4/4        EV: 11    Int:  9    God:    Lugonu [**....]
Gold:   53         SH:  0    Dex: 10    Spells: 2/2 levels left

rFire    . . .     SeeInvis .   f - +0 flail
rCold    . . .     Gourm    .   (no shield)
rNeg     . . .     Faith    .   b - +1 leather armour
rPois    +         Spirit   .   (helmet restricted)
rElec    .         Reflect  .   (no cloak)
rCorr    .         Harm     .   (no gloves)
MR       .....                  (no boots)
Stlth    +.........             (no amulet)
HPRegen  0.10/turn              (no ring)
MPRegen  0.09/turn              (no ring)

@: no status effects
A: retaliatory headbutt, horns 2, mutation resistance 1, poison resistance
a: Depart the Abyss, Bend Space, Renounce Religion


You were on level 3 of the Dungeon.
You worshipped Lugonu.
Lugonu was pleased with you.
You were hungry.

You visited 1 branch of the dungeon, and saw 4 of its levels.
You visited the Abyss 1 time.

You collected 53 gold pieces.

Inventory:

Hand Weapons
 a - a +1 mace
 f - a +0 flail (weapon)
Armour
 b - a +1 leather armour (worn)
Scrolls
 g - a scroll of teleportation
Potions
 d - a potion of cancellation
 e - 2 potions of might
Comestibles
 c - 3 rations


   Skills:
 - Level 3.6 Fighting
 + Level 3.8 Maces & Flails
 - Level 2.4 Armour
 - Level 1.1 Dodging
 + Level 3.0 Invocations


You had 2 spell levels left.
You didn't know any spells.
Your spell library was empty.

Dungeon Overview and Level Annotations

Branches:
Dungeon (4/15)
 Temple: D:4-7

Altars:
Uskayaw
Zin


Innate Abilities, Weirdness & Mutations

You reflexively headbutt those who attack you in melee.
You have a pair of horns on your head.
You are somewhat resistant to further mutation.
Your system is resistant to poisons. (rPois)


Message History

You struggle against the net.
The gnoll closely misses you.
You shred the net and break free! The gnoll closely misses you.
The gnoll throws a throwing net.
The throwing net closely misses you.
You see here a throwing net.
You closely miss the gnoll. The gnoll barely misses you.
The gnoll hits you with a cursed -2 club.
You closely miss the gnoll.
The gnoll hits you with a cursed -2 club.
The gnoll misses you.
You closely miss the gnoll. The gnoll closely misses you.
The gnoll barely misses you.
You hit the gnoll but do no damage. The gnoll closely misses you.
You furiously retaliate!
You headbutt the gnoll!
The gnoll hits you from afar with a +0 halberd.
You barely miss the gnoll.
The gnoll is heavily wounded.
The gnoll closely misses you.
The gnoll hits you from afar with a +0 halberd!
Ouch! That really hurt!
You die...

##########################
................@gggg.†..#
######################.......
.....$. ....... .......
....... ....... .#.....


You could see 4 gnolls.

Vanquished Creatures
  A worm (D:2)
  4 dart slugs
  A leopard gecko (D:1)
  2 giant cockroaches
  5 goblins
  5 hobgoblins (D:1)
  3 jackals (D:4)
  3 kobolds
  6 bats
  2 frilled lizards (D:1)
  4 rats
36 creatures vanquished.

Notes
Turn   | Place    | Note
-------+----------+-------------------------------------------
     0 | Abyss:1  | Curus the Minotaur Abyssal Knight began the quest for the
                  | Orb.
     0 | Abyss:1  | Reached XP level 1. HP: 19/19 MP: 1/1
     9 | D:1      | Escaped the Abyss
   222 | D:1      | Reached XP level 2. HP: 25/26 MP: 2/2
   425 | D:1      | Gained mutation: You are somewhat resistant to further
                  | mutation. [potion of mutation]
   425 | D:1      | Gained mutation: Your system is resistant to poisons.
                  | (rPois) [potion of mutation]
   573 | D:1      | Reached ** piety under Lugonu
   573 | D:1      | Reached XP level 3. HP: 31/31 MP: 4/4
   877 | D:2      | Found a hide-covered altar of Uskayaw.
   877 | D:2      | Found a glowing silver altar of Zin.
  1024 | D:2      | You fall into a shaft and drop 2 floors!
  1115 | D:3      | Slain by a gnoll

Levels and vault maps discovered:
D:1:      wheals_arrival_shading, layout_loops_ring, serial_forest,
          infiniplex_forest_clump_small, infiniplex_forest_clump_long,
          infiniplex_forest_lined_corner, infiniplex_forest_straight_2,
          infiniplex_forest_zigzag_2, infiniplex_forest_end_double
D:2:      layout_basic, chequers_temple_overflow_statue_of_worship
D:3:      layout_basic, chequers_serial_rivers_small_3
D:4:      layout_layer_cave, minmay_temple_entry_gardened_gates

Skill      XL: |  1  2  3 |
---------------+----------+-----
Invocations    | 2 3 |  3.0
Maces & Flails | 3 |  3.8
Fighting       | |  3.6
Armour         | |  2.4
Dodging        | |  1.1

Action                   || total
-------------------------++-------
Melee: Mace              ||    49
       Headbutt          ||    12
       Flail             ||    33
  Use: Potion            ||     7
       Scroll            ||     2
Armor: Leather armour    ||    23
Dodge: Dodged            ||    50
